TOP OF THE 1ST |
Pawtucket Red Sox batting - Pitching for Buffalo Bisons : RHP Zack Rust
|
Pitching: RHP Zack Rust
|
|
Batting: LHB Shoichi Aso
|
0-0: Ball 1-0: Ball 2-0: Called Strike 2-1: Called Strike 2-2: Fly out, F4 (Flyball, 4D, EV 85.6 MPH)
|
Batting: LHB Mike Mentzer
|
0-0: Ball 1-0: Fly out, F7 (Flyball, 78D, EV 89.4 MPH)
|
Batting: RHB Marty King
|
0-0: Ball 1-0: SINGLE (Groundball, 6MD, EV 99.4 MPH)
|
Batting: SHB Marvin Lawrence
|
0-0: Called Strike 0-1: Ball 1-1: Called Strike 1-2: Foul Ball, location: 2F 1-2: Strikes out swinging
|
Top of the 1st over - 0 runs, 1 hit, 0 errors, 1 left on base; Pawtucket 0 - Buffalo 0 |
BOTTOM OF THE 1ST |
Buffalo Bisons batting - Pitching for Pawtucket Red Sox : RHP J.J. Dean
|
Pitching: RHP J.J. Dean
|
|
Batting: RHB Danny Burnside
|
0-0: Foul Ball, location: 2F 0-1: SINGLE (Groundball, 56D, EV 107.5 MPH)
|
Batting: LHB Josh Stuck
|
0-0: Fielders Choice at 2nd, 4-6 (Groundball, 34, EV 80.6 MPH)
|
Batting: LHB Michael Byrd
|
0-0: Fly out, F4 (Line Drive, 4, EV 68.1 MPH)
|
Batting: RHB Ryan Kinkead
|
0-0: Called Strike 0-1: Ball Josh Stuck is caught stealing 2nd base 2-4
|
Bottom of the 1st over - 0 runs, 1 hit, 0 errors, 0 left on base; Pawtucket 0 - Buffalo 0 |
TOP OF THE 2ND |
Pawtucket Red Sox batting - Pitching for Buffalo Bisons : RHP Zack Rust
|
Batting: SHB Ben Ervin
|
0-0: DOUBLE (Flyball, 89D, EV 108.8 MPH)
|
Batting: RHB Nate Dickinson
|
0-0: Called Strike 0-1: Called Strike 0-2: Ball 1-2: Foul Ball, location: 2F 1-2: Strikes out swinging passed ball, reaches first! Ben Ervin to third
|
Batting: SHB Gus Cruz
|
0-0: Ball 1-0: Foul Ball, location: 2F 1-1: Called Strike Nate Dickinson steals 2nd base 1-2: Ball 2-2: Strikes out swinging
|
Batting: LHB Noel Wilson
|
0-0: Ball 1-0: Fly out, F9 (Flyball, 9D, EV 107.5 MPH) Runner from 3rd tags up, SCORES, no throw by RF Nate Dickinson to third
|
Batting: RHB Bobby Morales
|
0-0: Fly out, F8 (Line Drive, 8RD, EV 98.8 MPH)
|
Top of the 2nd over - 1 run, 1 hit, 0 errors, 1 left on base; Pawtucket 1 - Buffalo 0 |
BOTTOM OF THE 2ND |
Buffalo Bisons batting - Pitching for Pawtucket Red Sox : RHP J.J. Dean
|
Batting: RHB Ryan Kinkead
|
0-0: Ball 1-0: Ball 2-0: Foul Ball, location: 2F 2-1: Fly out, F8 (Flyball, 89M, EV 91.2 MPH)
|
Batting: LHB Yoshinari Nara
|
0-0: Swinging Strike 0-1: Ball 1-1: Foul Ball, location: 2F 1-2: Strikes out swinging
|
Batting: RHB Alex Ramos
|
0-0: Ball 1-0: Foul Ball, location: 2F 1-1: Called Strike 1-2: Ground out 5-3 (Groundball, 56, EV 87.5 MPH)
|
Bottom of the 2nd over - 0 runs, 0 hits, 0 errors, 0 left on base; Pawtucket 1 - Buffalo 0 |
TOP OF THE 3RD |
Pawtucket Red Sox batting - Pitching for Buffalo Bisons : RHP Zack Rust
|
Batting: LHB Shoichi Aso
|
0-0: Swinging Strike 0-1: Swinging Strike 0-2: Ball 1-2: Strikes out swinging
|
Batting: LHB Mike Mentzer
|
0-0: Called Strike 0-1: Swinging Strike 0-2: Foul Ball, location: 2F 0-2: Ground out U3 (Groundball, 3, EV 84.4 MPH)
|
Batting: RHB Marty King
|
0-0: Foul Ball, location: 2F 0-1: Ball 1-1: Foul Ball, location: 2F 1-2: Ground out 6-3 (Groundball, 6, EV 81.2 MPH)
|
Top of the 3rd over - 0 runs, 0 hits, 0 errors, 0 left on base; Pawtucket 1 - Buffalo 0 |
BOTTOM OF THE 3RD |
Buffalo Bisons batting - Pitching for Pawtucket Red Sox : RHP J.J. Dean
|
Batting: SHB Phuck
|
0-0: Called Strike 0-1: Called Strike 0-2: Ball 1-2: Ball 2-2: Ball 3-2: Foul Ball, location: 2F 3-2: Foul Ball, location: 2F 3-2: Base on Balls
|
Batting: RHB Jon Aguilar
|
0-0: Foul Ball, location: 2F 0-1: Ball 1-1: Called Strike 1-2: Strikes out swinging
|
Batting: RHB Danny Heyer
|
0-0: Called Strike 0-1: Called Strike 0-2: Grounds into double play, 4-6-3 (Groundball, 4, EV 104.4 MPH)
|
Bottom of the 3rd over - 0 runs, 0 hits, 0 errors, 0 left on base; Pawtucket 1 - Buffalo 0 |
TOP OF THE 4TH |
Pawtucket Red Sox batting - Pitching for Buffalo Bisons : RHP Zack Rust
|
Batting: SHB Marvin Lawrence
|
0-0: Called Strike 0-1: Ball 1-1: Ball 2-1: Ground out 4-3 (Groundball, 4, EV 96.9 MPH)
|
Batting: SHB Ben Ervin
|
0-0: Ground out 4-3 (Groundball, 4M, EV 85.0 MPH)
|
Batting: RHB Nate Dickinson
|
0-0: Ball 1-0: Fly out, F3 (Popup, 3F, EV 55.0 MPH)
|
Top of the 4th over - 0 runs, 0 hits, 0 errors, 0 left on base; Pawtucket 1 - Buffalo 0 |
BOTTOM OF THE 4TH |
Buffalo Bisons batting - Pitching for Pawtucket Red Sox : RHP J.J. Dean
|
Batting: RHB Danny Burnside
|
0-0: Called Strike 0-1: Ball 1-1: Ball 2-1: Called Strike 2-2: Ball 3-2: Base on Balls
|
Batting: LHB Josh Stuck
|
0-0: Ball 1-0: Ball 2-0: Ball 3-0: Base on Balls Danny Burnside to second
|
Batting: LHB Michael Byrd
|
0-0: Ball 1-0: Ball 2-0: Swinging Strike 2-1: Called Strike 2-2: Fielders Choice at 2nd, 6-4 (Groundball, 6, EV 83.1 MPH) Danny Burnside to third
|
Batting: RHB Ryan Kinkead
|
0-0: Called Strike Michael Byrd steals 2nd base (no throw) 0-1: Ball 1-1: Foul Ball, location: 2F 1-2: Foul Ball, location: 2F 1-2: Ball 2-2: Ground out 4-3 (Groundball, 4, EV 82.5 MPH) Danny Burnside scores Michael Byrd to third
|
Batting: LHB Yoshinari Nara
|
0-0: Called Strike 0-1: Ball 1-1: Ball 2-1: Ball 3-1: Base on Balls
|
Batting: RHB Alex Ramos
|
0-0: Swinging Strike 0-1: Ball 1-1: Swinging Strike 1-2: Strikes out swinging
|
Bottom of the 4th over - 1 run, 0 hits, 0 errors, 2 left on base; Pawtucket 1 - Buffalo 1 |
TOP OF THE 5TH |
Pawtucket Red Sox batting - Pitching for Buffalo Bisons : RHP Zack Rust
|
Batting: SHB Gus Cruz
|
0-0: Ball 1-0: Ground out 3-1 (Groundball, 34S, EV 86.9 MPH)
|
Batting: LHB Noel Wilson
|
0-0: Called Strike 0-1: Ball 1-1: Ball 2-1: Foul Ball, location: 2F 2-2: Ball 3-2: Ground out 4-3 (Groundball, 4, EV 81.9 MPH)
|
Batting: RHB Bobby Morales
|
0-0: Ball 1-0: Foul Ball, location: 2F 1-1: Swinging Strike 1-2: Foul Ball, location: 2F 1-2: Strikes out swinging
|
Top of the 5th over - 0 runs, 0 hits, 0 errors, 0 left on base; Pawtucket 1 - Buffalo 1 |
BOTTOM OF THE 5TH |
Buffalo Bisons batting - Pitching for Pawtucket Red Sox : RHP J.J. Dean
|
Batting: SHB Phuck
|
0-0: SINGLE (Groundball, 6M, EV 104.4 MPH) (infield hit)
|
Batting: RHB Jon Aguilar
|
0-0: Called Strike Phuck steals 2nd base 0-1: Ball 1-1: Foul Ball, location: 2F 1-2: Foul Ball, location: 2F 1-2: Strikes out swinging
|
Batting: RHB Danny Heyer
|
0-0: Ball 1-0: Ball 2-0: SINGLE (Groundball, 6D, EV 101.2 MPH) Phuck to third Runner from 3rd tries for Home, SAFE, throw by LF to home
|
Batting: RHB Danny Burnside
|
0-0: Called Strike 0-1: Called Strike 0-2: Ball 1-2: Foul Ball, location: 2F 1-2: Foul Ball, location: 2F 1-2: Ball Danny Heyer steals 2nd, throwing error, E2 Danny Heyer to third 2-2: Foul Ball, location: 2F 2-2: SINGLE (Groundball, 4D, EV 99.4 MPH) Danny Heyer scores
|
Batting: LHB Josh Stuck
|
0-0: Ball 1-0: Ball 2-0: Fly out, F8 (Flyball, 89S, EV 93.1 MPH)
|
Batting: LHB Michael Byrd
|
0-0: Called Strike Danny Burnside steals 2nd base 0-1: Foul Ball, location: 2F 0-2: Ball 1-2: Ground out 5-3 (Groundball, 5, EV 107.5 MPH)
|
Bottom of the 5th over - 2 runs, 3 hits, 1 error, 1 left on base; Pawtucket 1 - Buffalo 3 |
TOP OF THE 6TH |
Pawtucket Red Sox batting - Pitching for Buffalo Bisons : RHP Zack Rust
|
Batting: LHB Shoichi Aso
|
0-0: Ground out 3-1 (Groundball, 34S, EV 70.6 MPH)
|
Batting: LHB Mike Mentzer
|
0-0: Called Strike 0-1: Ball 1-1: Called Strike 1-2: Fly out, F9 (Line Drive, 9, EV 105.6 MPH)
|
Batting: RHB Marty King
|
0-0: Swinging Strike 0-1: Fly out, F9 (Flyball, 9S, EV 81.2 MPH)
|
Top of the 6th over - 0 runs, 0 hits, 0 errors, 0 left on base; Pawtucket 1 - Buffalo 3 |
BOTTOM OF THE 6TH |
Buffalo Bisons batting - Pitching for Pawtucket Red Sox : RHP J.J. Dean
|
Batting: RHB Ryan Kinkead
|
0-0: Foul Ball, location: 2F 0-1: Fly out, F8 (Flyball, 8LS, EV 82.5 MPH)
|
Batting: LHB Yoshinari Nara
|
0-0: Ball 1-0: Ball 2-0: Ball 3-0: Called Strike 3-1: Ground out 6-3 (Groundball, 6M, EV 103.1 MPH)
|
Batting: RHB Alex Ramos
|
0-0: Ball 1-0: Ball 2-0: Fly out, F9 (Flyball, 89D, EV 87.5 MPH)
|
Bottom of the 6th over - 0 runs, 0 hits, 0 errors, 0 left on base; Pawtucket 1 - Buffalo 3 |
TOP OF THE 7TH |
Pawtucket Red Sox batting - Pitching for Buffalo Bisons : RHP Zack Rust
|
Batting: SHB Marvin Lawrence
|
0-0: Foul Ball, location: 2F 0-1: Ball 1-1: Ball 2-1: Called Strike 2-2: Strikes out swinging
|
Batting: SHB Ben Ervin
|
0-0: Ball 1-0: Ball 2-0: Called Strike 2-1: Swinging Strike 2-2: Foul Ball, location: 2F 2-2: Strikes out swinging
|
Batting: RHB Nate Dickinson
|
0-0: Foul Ball, location: 2F 0-1: Ball 1-1: Ball 2-1: Fly out, F9 (Flyball, 89S, EV 86.9 MPH)
|
Top of the 7th over - 0 runs, 0 hits, 0 errors, 0 left on base; Pawtucket 1 - Buffalo 3 |
BOTTOM OF THE 7TH |
Buffalo Bisons batting - Pitching for Pawtucket Red Sox : RHP J.J. Dean
|
Batting: SHB Phuck
|
0-0: Foul Ball, location: 2F 0-1: Swinging Strike 0-2: Ball 1-2: Ground out U3 (Groundball, 3, EV 108.8 MPH)
|
Pitching: RHP Marquis Williams
|
|
Batting: RHB Jon Aguilar
|
0-0: Called Strike 0-1: Called Strike 0-2: Ball 1-2: Foul Ball, location: 2F 1-2: Foul Ball, location: 2F 1-2: Ball 2-2: SINGLE (Groundball, 56D, EV 102.5 MPH)
|
Batting: RHB Danny Heyer
|
0-0: Swinging Strike 0-1: Ball 1-1: Ball 2-1: Fly out, F8 (Flyball, 89D, EV 94.4 MPH)
|
Batting: RHB Danny Burnside
|
0-0: Ball Jon Aguilar steals 2nd base 1-0: Foul Ball, location: 2F 1-1: Foul Ball, location: 2F 1-2: Ball 2-2: Foul Ball, location: 2F 2-2: Ball 3-2: Strikes out looking
|
Bottom of the 7th over - 0 runs, 1 hit, 0 errors, 1 left on base; Pawtucket 1 - Buffalo 3 |
TOP OF THE 8TH |
Pawtucket Red Sox batting - Pitching for Buffalo Bisons : RHP Zack Rust
|
Batting: SHB Gus Cruz
|
0-0: Ball 1-0: Ground out 4-3 (Groundball, 4MS, EV 67.5 MPH)
|
Batting: LHB Noel Wilson
|
0-0: Foul Ball, location: 2F 0-1: Foul Ball, location: 2F 0-2: Foul Ball, location: 2F 0-2: Fly out, F8 (Line Drive, 8LM, EV 93.1 MPH)
|
Pinch Hitting: LHB Justin Wenzel
|
0-0: Called Strike 0-1: Foul Ball, location: 2F 0-2: Ball 1-2: Ball 2-2: Foul Ball, location: 2F 2-2: Ball 3-2: Foul Ball, location: 2F 3-2: DOUBLE (Line Drive, 7LS, EV 99.4 MPH)
|
Batting: LHB Shoichi Aso
|
0-0: Ball 1-0: Foul Ball, location: 2F 1-1: Ball 2-1: Ball 3-1: Fly out, F8 (Flyball, 8LXD, EV 89.4 MPH)
|
Top of the 8th over - 0 runs, 1 hit, 0 errors, 1 left on base; Pawtucket 1 - Buffalo 3 |
BOTTOM OF THE 8TH |
Buffalo Bisons batting - Pitching for Pawtucket Red Sox : RHP Marquis Williams
|
Pitching: LHP Jon Green
|
|
Now at 2B: Ben Ervin
|
|
Now at 3B: Trent Hood
|
|
Batting: LHB Josh Stuck
|
0-0: Ball 1-0: Ball 2-0: DOUBLE (Line Drive, 89M, EV 92.5 MPH)
|
Pinch Runner at 2nd Tony Rosas:
|
|
Batting: LHB Michael Byrd
|
0-0: Ball 1-0: Ball 2-0: Foul Ball, location: 2F 2-1: Called Strike 2-2: Foul Ball, location: 2F 2-2: Ball 3-2: Strikes out swinging
|
Batting: RHB Ryan Kinkead
|
0-0: Intentional Walk
|
Batting: RHB Fraco Munoz
|
0-0: Ball 1-0: Ball 2-0: Ball 3-0: Called Strike 3-1: Base on Balls Tony Rosas to third Ryan Kinkead to second
|
Pitching: RHP Billy Fitzgerald
|
|
Batting: RHB Alex Ramos
|
0-0: Ball 1-0: Ball 2-0: Foul Ball, location: 2F 2-1: Foul Ball, location: 2F 2-2: Ball 3-2: Strikes out looking
|
Batting: SHB Phuck
|
0-0: Ball 1-0: Swinging Strike 1-1: Ball 2-1: Ball 3-1: Swinging Strike 3-2: Foul Ball, location: 2F 3-2: Foul Ball, location: 2F 3-2: Base on Balls Tony Rosas scores Ryan Kinkead to third Fraco Munoz to second
|
Batting: RHB Jon Aguilar
|
0-0: Foul Ball, location: 2F 0-1: Called Strike 0-2: Ball 1-2: Strikes out swinging
|
Bottom of the 8th over - 1 run, 1 hit, 0 errors, 3 left on base; Pawtucket 1 - Buffalo 4 |
TOP OF THE 9TH |
Pawtucket Red Sox batting - Pitching for Buffalo Bisons : RHP Zack Rust
|
Pitching: RHP Junpei Yamazaki
|
|
Now in LF: Tso-lin Fen
|
|
Batting: LHB Mike Mentzer
|
0-0: Ball 1-0: Swinging Strike 1-1: Swinging Strike 1-2: Strikes out looking
|
Batting: RHB Marty King
|
0-0: Foul Ball, location: 2F 0-1: Fly out, F9 (Line Drive, 9, EV 106.9 MPH)
|
Batting: SHB Marvin Lawrence
|
0-0: Foul Ball, location: 2F 0-1: Ball 1-1: Ball 2-1: Hit by Pitch
|
Batting: SHB Ben Ervin
|
0-0: Ball 1-0: SINGLE (Groundball, 34D, EV 103.1 MPH) Marvin Lawrence to second
|
Batting: RHB Nate Dickinson
|
0-0: Ball 1-0: Ball 2-0: TRIPLE (Line Drive, 89XD, EV 103.1 MPH) Marvin Lawrence scores Ben Ervin scores
|
Batting: SHB Gus Cruz
|
0-0: Called Strike 0-1: Ball 1-1: Ball 2-1: Called Strike 2-2: Ground out 6-3 (Groundball, 6M, EV 101.2 MPH)
|
Top of the 9th over - 2 runs, 2 hits, 0 errors, 1 left on base; Pawtucket 3 - Buffalo 4 |
|